 Dungeon Crawl Stone Soup version 0.21-a0-64-g1c0f2e3 (webtiles) character file.

5023 Manul the Cudgeler (level 10, 0/77 HPs)
             Began as a Mummy Fighter on June 17, 2017.
             Was an Initiate of Gozag.
             Slain by an orc warrior
             ... wielding a +0 trident
              (13 damage)
             ... on level 9 of the Dungeon.
             The game lasted 00:13:16 (11307 turns).

Manul the Cudgeler (Mummy Fighter)                 Turns: 11307, Time: 00:13:17

Health: 0/77       AC:  7    Str: 22    XL:     10   Next: 30%
Magic:  10/10      EV: 10    Int:  7    God:    Gozag
Gold:   620        SH: 11    Dex: 13    Spells: 9/9 levels left

rFire    x . .     SeeInvis .   h - +2 flail (drain)
rCold    + . .     Gourm    .   c - +1 shield
rNeg     + + +     Faith    .   b - +0 scale mail
rPois    ∞         Spirit   .   (no helmet)
rElec    .         Reflect  .   (no cloak)
rCorr    .         Harm     .   (no gloves)
MR       +....                  (no boots)
Stlth    ..........             u - amulet of rage
HPRegen  0.22/turn              d - ring of wizardry
MPRegen  0.12/turn              (no ring)

@: no status effects
A: no food or potions, fire vulnerability, cold resistance 1, negative energy
resistance 3, torment resistance, unbreathing
a: Potion Petition, Call Merchant, Bribe Branch, Renounce Religion


You were on level 9 of the Dungeon.
You worshipped Gozag.
Gozag was pleased with you.
You were not hungry.

You visited 3 branches of the dungeon, and saw 11 of its levels.

You collected 1388 gold pieces.
You paid 768 gold pieces to Gozag.

Inventory:

Hand Weapons
 a - a +0 war axe
 h - a +2 flail of draining (weapon)
Armour
 b - a +0 scale mail (worn)
 c - a +1 shield (worn)
Jewellery
 d - a ring of wizardry (left hand)
 u - an amulet of rage (around neck)
Wands
 r - a wand of confusion (20/48)
 s - a wand of confusion (16/48)
Scrolls
 e - 6 scrolls of magic mapping
 f - 6 scrolls of remove curse
 g - 2 scrolls of enchant armour
 j - a scroll of immolation {unknown}
 k - a scroll of random uselessness {unknown}
 m - a scroll of blinking {unknown}
 n - 3 scrolls of identify
 o - a scroll of recharging
 p - 2 scrolls of enchant weapon {unknown}
 q - a scroll of teleportation {unknown}
Books
 i - a book of Misfortune

   Spells                             Type                      Level
   a - Confusing Touch                Hexes                        1
   b - Confuse                        Hexes                        3
   c - Gell's Gravitas                Translocation                3
   d - Petrify                        Transmutation/Earth          4
   e - Metabolic Englaciation         Hexes/Ice                    5
   f - Yara's Violent Unravelling     Hexes/Transmutation          5
 l - a book of Frost

   Spells                             Type                      Level
   a - Freeze                         Ice                          1
   b - Throw Frost                    Conjuration/Ice              2
   c - Ozocubu's Armour               Charms/Ice                   3
   d - Throw Icicle                   Conjuration/Ice              4
   e - Summon Ice Beast               Ice/Summoning                4
 t - a book of Battle

   Spells                             Type                      Level
   a - Infusion                       Charms                       1
   b - Shroud of Golubria             Charms/Translocation         2
   c - Song of Slaying                Charms                       2
   d - Spectral Weapon                Hexes/Charms                 3
   e - Regeneration                   Charms/Necromancy            3


   Skills:
 + Level 6.8 Fighting
 - Level 3.2(5.7) Axes
 + Level 7.3(7.7) Maces & Flails
 + Level 6.0 Armour
 + Level 3.5 Dodging
 - Level 0.5 Stealth
 + Level 5.8 Shields


You had 9 spell levels left.
You didn't know any spells.

Dungeon Overview and Level Annotations

Branches:
Dungeon (9/15)             Temple (1/1) D:4            Lair (1/6) D:8
    Orc: D:9-12

Altars:
Ashenzari
Cheibriados
Elyvilon
Fedhas
Gozag
Hepliaklqana
Nemelex Xobeh
Okawaru
Qazlal
Ru
Sif Muna
Trog
Uskayaw
Vehumet
Xom
Yredelemnul
The Shining One

Shops:
D:8 [


Innate Abilities, Weirdness & Mutations

You do not eat or drink.
Your flesh is vulnerable to fire.
You are immune to poison.
Your flesh is cold resistant. (rC+)
You are immune to negative energy. (rN+++)
You are immune to unholy pain and torment.
You can survive without breathing.


Message History

The orc warrior seems less confused.
The orc warrior hits you with an enchanted dire flail.
* * * LOW HITPOINT WARNING * * *
Evoke which item? (* to show all) (? for menu, Esc to quit)
Aiming: Confuse
Press: ? - help, Shift-Dir - straight line, f/p - orc warrior
Aim: an orc warrior, wielding a trident and wearing a chain mail (chance to defeat MR: 46%)
The orc warrior resists with significant effort.
This wand has 17 charges left.
The orc warrior hits you with an enchanted dire flail!
* * * LOW HITPOINT WARNING * * *
Evoke which item? (* to show all) (? for menu, Esc to quit)
Aiming: Confuse
Press: ? - help, Shift-Dir - straight line, f/p - orc warrior
Aim: an orc warrior, wielding a trident and wearing a chain mail (chance to defeat MR: 46%)
The orc warrior resists with significant effort.
This wand has 16 charges left.
The orc warrior hits you from afar with a trident!
You die...
Your body crumbles into a pile of gold.

........#.....#.....#.........###
........#####.##....#............
...................##............
≈≈≈≈≈≈≈≈≈≈≈≈≈≈≈≈≈8.##............
≈≈≈≈≈≈≈≈≈≈≈≈≈≈≈≈8≈.##............
##############'.≈≈.##......<.....
..............#.≈≈.##............
........$.....##≈≈.##............
....8.........oo@..##............
..............##≈≈.##............
..............#.≈≈.##########....
##############'.≈≈.# ..#.
≈≈≈≈≈≈≈≈≈≈≈≈≈≈≈≈8≈.# .#..
≈≈≈≈≈≈≈≈≈≈≈≈≈≈≈≈≈8.#
...................#
...#.<.....)...#..##
...#.............##


You could see 2 orc warriors.

Vanquished Creatures
  A spiny frog (Lair:1)
  A troll (D:9)
  A hippogriff (D:8)
  A basilisk (D:8)
  A yak (D:8)
  Eustachio (D:6)
  A water moccasin (D:6)
  3 orc warriors
  A black bear (D:6)
  4 ogres
  A phantom (D:6)
  A crocodile (D:8)
  6 centaurs
  Blork the orc (D:5)
  4 bullfrogs
  A gnoll sergeant (D:9)
  A water moccasin zombie (D:7)
  A scorpion (D:4)
  4 wights (D:9)
  2 electric eels (D:9)
  3 crimson imps
  9 howler monkeys
  A bullfrog zombie (D:5)
  3 bullfrog skeletons
  2 jellies
  3 orc priests
  5 hounds
  5 orc wizards
  3 iguanas
  Natasha (thrice) (D:3)
  6 worker ants
  12 gnolls
  11 adders
  2 shadow imps
  3 oozes
  3 adder skeletons
  4 worms
  4 dart slugs
  8 leopard geckos
  35 orcs
  11 giant cockroaches
  13 goblins
  6 hobgoblins
  10 jackals
  A quokka (D:8)
  A ball python (D:4)
  8 bats
  7 frilled lizards
  A jackal zombie (D:7)
  7 kobolds
  A leopard gecko skeleton (D:9)
  14 rats
242 creatures vanquished.

Vanquished Creatures (others)
  An orc (D:9)
  A quokka (D:9)
2 creatures vanquished.

Grand Total: 244 creatures vanquished

Notes
Turn   | Place    | Note
-------+----------+-------------------------------------------
     0 | D:1      | Manul the Mummy Fighter began the quest for the Orb.
     0 | D:1      | Reached XP level 1. HP: 18/18 MP: 1/1
   113 | D:1      | Reached XP level 2. HP: 19/24 MP: 2/2
   760 | D:1      | Reached XP level 3. HP: 29/29 MP: 3/3
  1201 | D:2      | Reached XP level 4. HP: 26/35 MP: 4/4
  1356 | D:2      | Found a bloodstained altar of Trog.
  1461 | D:2      | Found a hide-covered altar of Uskayaw.
  1465 | D:2      | Noticed a hand axe
  1469 | D:2      | Noticed a hand axe
  1594 | D:3      | Reached skill level 1 in Dodging
  1617 | D:3      | Found a faded altar of an unknown god.
  1811 | D:3      | Found a shattered altar of Ashenzari.
  1837 | D:3      | Found a blossoming altar of Fedhas.
  1864 | D:3      | Found a basalt altar of Yredelemnul.
  1891 | D:3      | Reached XP level 5. HP: 42/42 MP: 5/5
  2519 | D:3      | Noticed Natasha
  2525 | D:3      | Killed Natasha
  2645 | D:3      | Noticed Natasha
  2656 | D:3      | Killed Natasha
  2877 | D:3      | Reached XP level 6. HP: 48/48 MP: 6/6
  2894 | D:3      | Noticed Natasha
  2900 | D:3      | Killed Natasha
  3408 | D:4      | Found a staircase to the Ecumenical Temple.
  3443 | Temple   | Entered the Ecumenical Temple
  3485 | Temple   | Became a worshipper of Gozag Ym Sagoz the Greedy
  3883 | D:4      | Reached skill level 1 in Maces & Flails
  3910 | D:5      | Entered Level 5 of the Dungeon
  3910 | D:5      | Noticed Blork the orc
  4232 | D:4      | Reached XP level 7. HP: 55/55 MP: 7/7
  4853 | D:5      | Reached skill level 2 in Maces & Flails
  5259 | D:5      | Killed Blork the orc
  5337 | D:5      | Reached skill level 3 in Maces & Flails
  5337 | D:5      | Reached XP level 8. HP: 61/61 MP: 8/8
  5514 | D:6      | Reached skill level 5 in Fighting
  5778 | D:6      | Noticed Eustachio
  5802 | D:6      | Reached skill level 4 in Maces & Flails
  5895 | D:6      | Killed Eustachio
  6863 | D:7      | Reached XP level 9. HP: 69/69 MP: 9/9
  6866 | D:7      | Reached skill level 5 in Maces & Flails
  7180 | D:7      | Reached skill level 5 in Armour
  7389 | D:8      | Reached skill level 5 in Shields
  7390 | D:8      | Found a staircase to the Lair.
  7395 | D:8      | Reached skill level 6 in Maces & Flails
  7821 | D:8      | Found a stormy altar of Qazlal.
  8340 | D:8      | Noticed a two-headed ogre
  8593 | Lair:1   | Entered Level 1 of the Lair of Beasts
  8598 | Lair:1   | Noticed a spiny frog
  8609 | Lair:1   | Killed a spiny frog
  9075 | D:9      | Reached XP level 10. HP: 31/77 MP: 10/10
  9298 | D:9      | Reached skill level 7 in Maces & Flails
 11307 | D:9      | Slain by an orc warrior

Vault maps used:
D:1:      ncdulo_watergridlock
D:2:      bloody_trog, dancing_weapons_uskayaw
D:3:      wad_river_or_something, lemuel_crystal_altar,
          nicolae_overflow_hidden_temple, chequers_ecumenical_altar_simple,
          first_bread, uniq_natasha
D:4:      minmay_temple_entry_glassed_door
D:5:      kennysheep_big_empty_room, uniq_blork_the_orc
D:6:      uniq_eustachio
D:8:      nicolae_qazlal_style_of_elements, david_lair_generic, grunt_ogre_cave,
          grunt_tough_drop
D:9:      erik_orc_2, nicolae_for_you_no_charge
Temple:   eino_temple_rhombus
Lair:1:   beast_lair_carwin_9, uniq_nergalle

Skill      XL: |  1  2  3  4  5  6  7  8  9 10 |
---------------+-------------------------------+-----
Axes           | 2 3 |  3.2
Dodging        | 1 2 3 |  3.5
Shields        | 3 4 5 |  5.8
Fighting       | 4 5 6 |  6.8
Armour         | 3 4 5 6 |  6.0
Maces & Flails | 1 3 4 6 7 |  7.3
Stealth        | |  0.5

Action                   |  1- 3 |  4- 6 |  7- 9 | 10-12 || total
-------------------------+-------+-------+-------+-------++-------
Melee: War axe           |   167 |   130 |       |       ||   297
       Flail             |       |    99 |   426 |   113 ||   638
Invok: Call Merchant     |       |       |     1 |       ||     1
Evoke: Wand              |       |       |       |     8 ||     8
  Use: Scroll            |     1 |       |     5 |       ||     6
 Stab: Distracted        |       |       |     4 |       ||     4
Armor: Scale mail        |    69 |    99 |   126 |    23 ||   317
Dodge: Dodged            |    48 |    67 |   164 |    32 ||   311
Block: Shield            |    90 |   150 |   224 |    61 ||   525
